 Dungeon Crawl Stone Soup version 0.30-a0-782-ge64f9170bb (webtiles) character file.

Game seed: 15898660061101615596

43 Goldberg the Cudgeller (level 3, -1/33 HPs)
             Began as a Minotaur Berserker on Feb 21, 2023.
             Was a Believer of Trog.
             Slain by a gnoll
             ... wielding a +1 whip of venom
              (5 damage)
             ... on level 2 of the Dungeon.
             The game lasted 00:01:29 (769 turns).

Goldberg the Cudgeller (Minotaur Berserker)          Turns: 769, Time: 00:01:29

Health: -1/33      AC: 11    Str: 23    XL:     3   Next: 37%
Magic:  2/2        EV:  7    Int:  4    God:    Trog [**....]
Gold:   32         SH:  0    Dex:  9    Spells: 2/2 levels left

rFire   . . .      SeeInvis .    a - +0 mace
rCold   . . .      Faith    .    (no shield)
rNeg    . . .      Spirit   .    e - +0 plate armour
rPois   .          Reflect  .    (helmet restricted)
rElec   .          Harm     .    (no cloak)
rCorr   .          Rampage  .    (no gloves)
Will    .....                    (no boots) Stlth
                                 (no amulet)
HPRegen 0.25/turn                (no ring)
MPRegen 0.08/turn                (no ring)

@: lethally poisoned (-1 -> -19)
A: horns 2, retaliatory headbutt
a: Renounce Religion, Berserk, Trog's Hand


You were on level 2 of the Dungeon.
You worshipped Trog.
Trog was pleased with you.
You visited 1 branch of the dungeon, and saw 2 of its levels.

You collected 32 gold pieces.

Inventory:

Hand Weapons
 a - a +0 mace (weapon)
Armour
 b - a +0 animal skin
 e - a +0 plate armour (worn)
Jewellery
 c - a ring of protection from cold
 d - an amulet of regeneration
Scrolls
 f - 2 scrolls of enchant armour {unknown}
 h - a scroll of identify {unknown}
 j - 3 scrolls of noise {unknown}
Potions
 g - a potion of heal wounds {unknown}
 i - a potion of brilliance {unknown}


   Skills:
 + Level 4.0 Fighting
 + Level 4.8 Maces & Flails
 + Level 2.6 Armour
 + Level 2.5 Dodging


You had 2 spell levels left.
You didn't know any spells.
Your spell library was empty.

Dungeon Overview and Level Annotations

Branches:
Dungeon (2/15)

Altars:


Innate Abilities, Weirdness & Mutations

You have a pair of horns on your head.
You reflexively headbutt those who attack you in melee.


Message History

There is a fountain of clear blue water here.
There is a stone staircase leading down here.
You climb downwards.
The gnoll shouts!
Found a spear and 14 gold pieces.
Found a stone staircase leading down.
There is a stone staircase leading up here.
A rat comes into view.
You barely miss the gnoll. The gnoll barely misses you.
You hit the gnoll. You headbutt the gnoll.
The gnoll is severely wounded.
The gnoll hits you with a +0 flail!
You thump the gnoll!
You kill the gnoll!
Trog accepts your kill.
A gnoll comes into view. It is wielding a +1 whip of venom.
You barely miss the gnoll.
The gnoll shouts!
You headbutt the gnoll.
The gnoll is moderately wounded.
You hear a shout!
A kobold comes into view. It is wielding a +0 club.
You hit the gnoll.
The gnoll is heavily wounded.
The gnoll hits you but does no damage.
The gnoll hits you with a +1 whip of venom.
You are poisoned.
You barely miss the gnoll.
The gnoll is moderately wounded.
You feel very sick.
The gnoll hits you but does no damage. x2
You are lethally poisoned!
The gnoll hits you with a +0 club. The gnoll hits you but does no damage.
You are more poisoned.
You hit the gnoll.
The gnoll is almost dead.
* * * LOW HITPOINT WARNING * * *
You feel very sick. The gnoll barely misses you.
The gnoll hits you with a +1 whip of venom.
You die...

........
#......#
####..$...##
........K..###
.............
........r..
.....>.#g#
#.....g@#
#.....###
#......
#.#...) .
#.... #....
#.... #....


You could see 2 gnolls, a kobold and a rat.

Vanquished Creatures
  A gnoll (D:2)
  A dart slug (D:1)
  A ball python (D:1)
  An endoplasm (D:1)
  A giant cockroach (D:1)
  A goblin (D:1)
  7 hobgoblins (D:1)
  2 jackals (D:1)
  A quokka (D:1)
  2 bats (D:1)
  A frilled lizard (D:1)
  6 kobolds (D:1)
  4 rats (D:1)
29 creatures vanquished.

Notes
Turn   | Place    | Note
-------+----------+-------------------------------------------
     0 | D:1      | Goldberg the Minotaur Berserker began the quest for the
                  | Orb.
     0 | D:1      | Reached XP level 1. HP: 19/19 MP: 0/0
   173 | D:1      | Reached XP level 2. HP: 27/27 MP: 1/1
   376 | D:1      | Found a faded altar of an unknown god.
   545 | D:1      | Reached ** piety under Trog
   549 | D:1      | Reached XP level 3. HP: 33/33 MP: 2/2
   769 | D:2      | Slain by a gnoll

Illustrated notes

Levels and vault maps discovered:
D:1:      dpeg_arrival_rooms_a, layout_basic, basic_ecumenical_altar,
          palyth_stone_intersect, minivault_27, minmay_distorted
D:2:      layout_basic, basic_altar

Skill      XL: |  1  2 |
---------------+-------+-----
Maces & Flails | 4 |  4.8
Fighting       | 4 |  4.0
Armour         | |  2.6
Dodging        | |  2.5

Action                     || total
---------------------------++-------
  Melee: Mace              ||    61
         Headbutt          ||     4
         Punch             ||     2
 Armour: Animal skin       ||     8
         Plate armour      ||    13
  Dodge: Dodged            ||    36

Table legend: (Time is in decaauts)
 A = Elapsed time spent in this place.
 B = Non-inter-level travel time spent in this place.
 C = Inter-level travel time spent in this place.
 D = Time resting spent in this place.
 E = Time spent auto-exploring this place.
 F = Levels seen in this place.
 G = Mean time per level.
                   A        B        C        D        E       F      G
               +--------+--------+--------+--------+--------+-----+--------+
         Total |    780 |    719 |     61 |      0 |    529 |   2 |  390.0 |
       Dungeon |    780 |    719 |     61 |      0 |    529 |   2 |  390.0 |
               +--------+--------+--------+--------+--------+-----+--------+

Top non-repeatable levels by time:
     D:1: 771 daAuts
     D:2: 8 daAuts
